 Dungeon Crawl Stone Soup version 0.31-a0-1620-gcbf77bbcfc (console) character file.

Game seed: 6820987604317714658

37 Zeia the Chiller (level 3, -3/26 HPs)
             Began as a Draconian Ice Elementalist on Jan 11, 2024.
             Slain by Grinder (7 damage)
             ... on level 3 of the Dungeon.
             The game lasted 00:17:25 (1534 turns).

Zeia the Chiller (Draconian Ice Elementalist)       Turns: 1534, Time: 00:17:26

Health: -3/26      AC:  7    Str:  8 (10) XL:     3   Next: 21%
Magic:  2/6        EV: 12    Int: 16 (17) God:
Gold:   134        SH:  0    Dex:  9 (11) Spells: 3/7 levels left

rFire   . . .        i - +1 short sword (venom)
rCold   . . .        (no shield)
rNeg    . . .        (body armour unavailable)
rPois   .            (helmet restricted)
rElec   .            d - +1 cloak
rCorr   .            (no gloves)
SInv    .            (no boots)
Will    +....        (no amulet)
Stlth   ++           f - ring of willpower
HPRegen 0.24/turn    (no ring)
MPRegen 0.10/turn

%: no passive effects
@: mighty, brilliant
A: AC +5, unfitting armour, cold-blooded
a: no special abilities


You were on level 3 of the Dungeon.
You visited 1 branch of the dungeon, and saw 3 of its levels.

You collected 134 gold pieces.

Inventory:

Hand Weapons
 i - a +1 short sword of venom (weapon)
Armour
 d - a +1 cloak (worn)
Jewellery
 f - a ring of willpower (left hand)
Scrolls
 c - a scroll of immolation {unknown}
 j - a scroll of enchant armour {unknown}
 k - 2 scrolls of identify {unknown}
 l - a scroll of torment {unknown}
Potions
 a - a potion of magic


   Skills:
 + Level 2.1 Dodging
 - Level 1.7 Stealth
 * Level 2.6 Spellcasting
 * Level 4.5 Ice Magic


You had 3 spell levels left.
You knew the following spells:

 Your Spells              Type           Power      Damage    Failure   Level
a - Freeze                Ice            96%        1d10      3%          1
b - Summon Ice Beast      Ice/Summ       13%        N/A       24%         3

Your spell library contained the following spells:

 Spells                   Type           Power      Damage    Failure   Level
 Frozen Ramparts          Ice            48%        1d8       10%         3
 Ozocubu's Armour         Ice            24%        N/A       10%         3


Dungeon Overview and Level Annotations

Branches:
Dungeon (3/15)

Altars:

Annotations:
D:2 Sigmund
D:3 Grinder


Innate Abilities, Weirdness & Mutations

Your plain brown scales are hard. (AC +5)
You cannot fit into any form of body armour.
You are cold-blooded and may be slowed by cold attacks.


Message History

You feel very mighty all of a sudden.
As you read the scroll labelled UMOTIDW APIGH, it crumbles to dust.
It is a scroll of amnesia.
Really abort (and waste the scroll)?
Uppercase [Y]es or [N]o only, please.
Really abort (and waste the scroll)?
Okay, then.
Grinder blinks!
Aiming: Freeze (safe; 3% risk of failure)
Press: ? - help, Q - select action Shift-Dir - straight line, f/p - Grinder
Aim: Grinder You feel a surge of power!
You freeze Grinder but do no damage.
Grinder completely resists.
Grinder hits you but does no damage.
Press: ? - help, v - describe, . - travel
Here: Grinder The floor.
Press: ? - help, v - describe, . - travel The floor.
You barely miss Grinder. Grinder gestures at you.
You resist with significant effort.
Press: ? - help, v - describe, . - travel
Here: Grinder The floor.
Grinder is nearby!
Aiming: Freeze (safe; 3% risk of failure)
Press: ? - help, Q - select action Shift-Dir - straight line, f/p - Grinder
Aim: Grinder You feel a surge of power!
You freeze Grinder but do no damage.
Grinder completely resists.
Grinder gestures at you.
You easily resist.
Aiming: Freeze (safe; 3% risk of failure)
Press: ? - help, Q - select action Shift-Dir - straight line, f/p - Grinder
Aim: Grinder
Okay, then.
You puncture Grinder!
Grinder looks as sick as possible!
Grinder is moderately wounded.
Grinder hits you!
You die...
Grinder says, "Hey, I wasn't done torturing you yet!"

#.# #.# #.# #.
#.# #. #.# #$
#.# #( #.# #.
#.# #. #.#
#.##########.#
#...@5...)...#
#.##########.#
## ###


You could see Grinder (extremely poisoned).

Vanquished Creatures
  4 bats
  8 endoplasms
  3 giant cockroaches
  A hobgoblin (D:1)
  A kobold (D:1)
  A quokka (D:2)
  2 ball pythons (D:1)
  2 frilled lizards
  5 goblins
  5 rats (D:1)
32 creatures vanquished.

Notes
Turn   | Place    | Note
-------+----------+-------------------------------------------
     0 | D:1      | Zeia the Draconian Ice Elementalist began the quest for the
                  | Orb.
     0 | D:1      | Reached XP level 1. HP: 14/14 MP: 3/3
   270 | D:1      | Reached XP level 2. HP: 16/20 MP: 1/5
  1165 | D:2      | Reached XP level 3. HP: 26/26 MP: 4/6
  1169 | D:2      | Learned a level 3 spell: Summon Ice Beast
  1206 | D:2      | Noticed Sigmund
  1515 | D:3      | Noticed Grinder
  1534 | D:3      | Slain by Grinder

Illustrated notes

Levels and vault maps discovered:
D:1:      minmay_arrival_four_circles, layout_basic,
          hangedman_abyss_or_decor_lesser_grid, minmay_quantized
D:2:      wad_pebble_path, layout_basic, minmay_door_square,
          hangedman_decor_peaks_small, uniq_crazy_yiuf_cottage, uniq_sigmund
D:3:      layout_basic, hellmonk_ecumenical_altar_heavens_door, serial_glass,
          glass_columns_c, glass_columns_a, glass_columns_c, glass_columns_b,
          glass_columns_b, glass_columns_a, uniq_grinder

Skill      XL: |  1  2 |
---------------+-------+-----
Dodging        | 2 |  2.1
Stealth        | |  1.7
Spellcasting   | |  2.6
Ice Magic      | |  4.5

Action                     || total
---------------------------++-------
  Melee: Short sword       ||    12
   Cast: Freeze            ||    51
    Use: Potion            ||     3
         Scroll            ||     1
 Armour: Skin              ||    24
  Dodge: Dodged            ||    20

Table legend: (Time is in decaauts)
 A = Elapsed time spent in this place.
 B = Non-inter-level travel time spent in this place.
 C = Inter-level travel time spent in this place.
 D = Time resting spent in this place.
 E = Time spent auto-exploring this place.
 F = Levels seen in this place.
 G = Mean time per level.
                   A        B        C        D        E       F      G
               +--------+--------+--------+--------+--------+-----+--------+
         Total |   1535 |   1507 |     28 |    329 |    829 |   3 |  511.7 |
       Dungeon |   1535 |   1507 |     28 |    329 |    829 |   3 |  511.7 |
               +--------+--------+--------+--------+--------+-----+--------+

Top non-repeatable levels by time:
     D:1: 1022 daAuts
     D:3: 272 daAuts
     D:2: 239 daAuts
